 Dungeon Crawl Stone Soup version 0.24.0-13-gcf9b3192b9 (webtiles) character file.

Game seed: 14596977254682942675, levelgen mode: deterministic

74091 Peloso the Peltast (level 15, -6/136 HPs)
             Began as a Minotaur Fighter on Nov 9, 2019.
             Was the Champion of Okawaru.
             Mangled by a fire elemental (12 damage)
             ... led by Azrael
             ... on level 14 of the Dungeon.
             The game lasted 01:15:10 (24106 turns).

Peloso the Peltast (Minotaur Fighter)              Turns: 24106, Time: 01:15:11

Health: -6/136     AC: 31    Str: 28    XL:     15   Next: 5%
Magic:  16/16      EV:  6    Int: 10    God:    Okawaru [******]
Gold:   645        SH: 23    Dex: 12    Spells: 14/14 levels left

rFire    . . .     SeeInvis .   a - +8 scimitar of the Bruised Dreams {slice, Int+2}
rCold    + . .     Gourm    +   c - +1 large shield {reflect}
rNeg     . . .     Faith    .   M - +1 gold dragon scales
rPois    +         Spirit   .   F - +2 hat
rElec    .         Reflect  +   t - +2 cloak {+Inv}
rCorr    .         Harm     .   y - +0 pair of gloves
MR       ++...                  I - +2 pair of boots "Kiatwam" {rF- Str+3 Int+3}
Stlth    ..........             Y - amulet of the gourmand
HPRegen  0.32/turn              A - ring of protection from magic
MPRegen  0.15/turn              s - ring of flight

@: studying Polearms
A: retaliatory headbutt, horns 2
a: Heroism, Finesse, Renounce Religion, Evoke Invisibility, Evoke Flight


You were on level 14 of the Dungeon.
You worshipped Okawaru.
Okawaru was exalted by your worship.
You were near starving.

You visited 3 branches of the dungeon, and saw 22 of its levels.
You also visited: Sewer.

You collected 2366 gold pieces.
You spent 1721 gold pieces at shops.

Inventory:

Hand Weapons
 a - the +8 scimitar of the Bruised Dreams (weapon) {slice, Int+2}
   (Okawaru gifted it to you on level 14 of the Dungeon)

   It inflicts extra damage upon your enemies.
   It affects your intelligence (+2).
 b - a +2 scimitar of flaming
 e - the +3 demon blade of Quafa {freeze, rC+++}
   (Okawaru gifted it to you on level 2 of the Lair of Beasts)

   It has been specially enchanted to freeze those struck by it, causing extra
   injury to most foes and up to half again as much damage against particularly
   susceptible opponents.
   It can also slow down cold-blooded creatures.
   It renders you almost immune to cold.
Armour
 c - a +1 large shield of reflection (worn)
 t - a +2 cloak of invisibility (worn)
 y - a +0 pair of gloves (worn)
 F - a +2 hat (worn)
 I - the +2 pair of boots "Kiatwam" (worn) {rF- Str+3 Int+3}
   (Okawaru gifted it to you on level 10 of the Dungeon)

   It affects your strength (+3).
   It affects your intelligence (+3).
   It makes you vulnerable to fire.
 M - +1 gold dragon scales (worn)
Jewellery
 s - a ring of flight (right hand)
 A - a ring of protection from magic (left hand)
 Y - an amulet of the gourmand (around neck)
Scrolls
 d - 2 scrolls of noise
 g - 6 scrolls of teleportation
 h - 5 scrolls of fear
 k - 11 scrolls of remove curse
 v - 2 scrolls of silence {unknown}
 K - 4 scrolls of magic mapping
 R - a scroll of torment {unknown}
 W - a scroll of blinking
Potions
 x - 4 potions of heal wounds
 C - a potion of mutation
 G - a potion of agility
 Q - 2 potions of berserk rage
 S - 3 potions of curing
 X - a potion of haste
Books
 O - a manual of Polearms
Miscellaneous
 p - a crystal ball of energy
 Z - a box of beasts
Comestibles
 f - 37 rations


   Skills:
 + Level 13.5 Fighting
 + Level 16.2 Long Blades
 + Level 14.5 Armour
 + Level 4.3 Dodging
 + Level 1.1 Stealth
 + Level 17.0 Shields
 + Level 3.2 Invocations
 + Level 2.1 Evocations


You had 14 spell levels left.
You didn't know any spells.
Your spell library contained the following spells:

 Spells                   Type           Power        Failure   Level  Hunger
 Animate Skeleton         Necr           N/A          100%        1    ##.....
 Beastly Appendage        Tmut           #.....       100%        1    ##.....
 Corona                   Hex            #......      100%        1    ##.....
 Magic Dart               Conj           #...         100%        1    ##.....
 Pain                     Necr           #...         100%        1    ##.....
 Shock                    Conj/Air       #...         100%        1    ##.....
 Sting                    Conj/Pois      #...         100%        1    ##.....
 Blink                    Tloc           N/A          100%        2    ###....
 Call Imp                 Summ           #.......     100%        2    ###....
 Ensorcelled Hibernation  Hex/Ice        #.....       100%        2    ###....
 Poisonous Vapours        Pois/Air       #.....       100%        2    ###....
 Slow                     Hex            #.......     100%        2    ###....
 Sticks to Snakes         Tmut           #.......     100%        2    ###....
 Swiftness                Chrm/Air       #.......     100%        2    ###....
 Confuse                  Hex            #.......     100%        3    ####...
 Conjure Flame            Conj/Fire      #.......     100%        3    ####...
 Dazzling Spray           Conj/Hex       #.....       100%        3    ####...
 Mephitic Cloud           Conj/Pois/Air  #.......     100%        3    ####...
 Recall                   Summ/Tloc      N/A          100%        3    ####...
 Regeneration             Chrm/Necr      #.........   100%        3    ####...
 Spider Form              Tmut/Pois      #.........   100%        3    ####...
 Static Discharge         Conj/Air       #.......     100%        3    ####...
 Tukima's Dance           Hex            #.......     100%        3    ####...
 Vampiric Draining        Necr           #.........   100%        3    ####...
 Airstrike                Air            #.........   100%        4    #####..
 Animate Dead             Necr           N/A          100%        4    #####..
 Ice Form                 Ice/Tmut       #.......     100%        4    #####..
 Olgreb's Toxic Radiance  Pois           #.......     100%        4    #####..
 Blade Hands              Tmut           #.........   100%        5    ######.
 Borgnjor's Vile Clutch   Necr/Erth      #.........   100%        5    ######.
 Irradiate                Conj/Tmut      #.........   100%        5    ######.
 Lightning Bolt           Conj/Air       #.........   100%        5    ######.
 Venom Bolt               Conj/Pois      #.........   100%        5    ######.
 Death Channel            Necr           #.........   100%        6    #######
 Hydra Form               Tmut           #.........   100%        6    #######
 Simulacrum               Ice/Necr       #.........   100%        6    #######
 Statue Form              Tmut/Erth      #........    100%        6    #######
 Dragon Form              Tmut           #.........   100%        7    #######


Dungeon Overview and Level Annotations

Branches:
Dungeon (14/15)            Temple (0/1) D:5            Lair (6/6) D:11
 Shoals (0/4) Lair:3        Snake (0/4) Lair:4        Slime (0/5) Lair:6
    Orc (2/2) D:11            Elf (0/3) Orc:2         Sewer (visited)
 Vaults: D:13-14

Altars:
Ashenzari
Cheibriados
Dithmenos
Elyvilon
Fedhas
Gozag
Makhleb
Nemelex Xobeh
Okawaru
Sif Muna
Trog
Xom
Yredelemnul
Beogh
Jiyva

Shops:
D:5 :   D:10 *   Orc:1 [?   Orc:2 *(!?!*

Annotations:
Orc:1 2 transporters
Orc:2 3 runed translucent doors, exclusion: obsidian statue, H0rd4k's ghost, journeyman HuAr


Innate Abilities, Weirdness & Mutations

You reflexively headbutt those who attack you in melee.
You have a pair of horns on your head.


Message History

A hungry ghost comes into view.
You slice Azrael!! You headbutt Azrael.
You kill Azrael!
Okawaru is honoured by your kill. The hell hound breathes flames at you.
The blast of flame hits the fire elemental.
The fire elemental completely resists.
The blast of flame hits you but does no damage.
The hell hound breathes flames at you.
The blast of flame hits the fire elemental.
The fire elemental completely resists.
The blast of flame hits you.
* * * LOW HITPOINT WARNING * * *
You block the fire elemental's attack. The fire elemental hits you. x2
The fire elemental burns you!
* * * LOW HITPOINT WARNING * * *
A tengu conjurer comes into view.
The tengu conjurer shouts!
You block the hell hound's attack. x2; The fire elemental hits you.
The fire elemental burns you!
You die...

#......Q . ......W #.
##.....# # #.##....Z.#.#
#. #...........# ..
.##?..........# ..
.......h°.....## .#
#..EE@h...... #.#
##....E.....## ..#
...#.#.....T.....######.#
.................##.....#
####...#.........#.)#####
#.###...........##
#####............######
#..................)..#
#.....<...............#


You could see a troll, a hungry ghost, 3 fire elementals, a tengu conjurer, 2
hell hounds and a harpy zombie.

Vanquished Creatures
  Azrael (D:14)
  Snorg (Lair:3)
  Josephine (Lair:6)
  An ice dragon (Lair:5)
  6 hydras
  4 two-headed ogres
  A merfolk avatar (Lair:6)
  A death knight (D:13)
  3 death yaks (Lair:4)
  2 orc high priests (Orc:2)
  Sonja (Lair:3)
  A skeletal warrior (D:13)
  3 unseen horrors
  A sea snake (Lair:6)
  An orange crystal statue (D:7)
  A lindwurm (Lair:5)
  2 harpies (Lair:6)
  3 orc knights
  6 orc sorcerers (Orc:2)
  A necromancer (Lair:6)
  A manticore (Lair:6)
  2 deep elf magi
  2 ugly things
  4 elephants (Lair:6)
  A cyclops (D:12)
  10 black mambas
  A merfolk siren (Lair:3)
  3 centaur zombies
  A torpor snail (Lair:6)
  11 spiny frogs
  6 komodo dragons
  2 rime drakes (Lair:6)
  An efreet (D:13)
  A tengu conjurer (D:13)
  2 wind drakes (Lair:6)
  3 trolls
  A hornet (Lair:6)
  3 polar bears
  13 blink frogs
  5 slime creatures (D:13)
  The ghost of MisterFreud the Cudgeler, an amateur GrFi (D:4)
  10 hippogriffs
  4 wyverns
  35 yaks
  8 wraiths
  A fire elemental (D:14)
  A basilisk (Lair:1)
  2 steam dragons
  6 wargs
  3 hungry ghosts
  2 vampire mosquitoes (D:13)
  4 nagas (Lair:4)
  An acid dragon (D:11)
  10 water moccasins
  6 porcupines
  A hell hound (D:14)
  7 ice beasts
  26 orc warriors
  4 black bears
  10 sky beasts
  4 phantoms
  A hornet zombie (D:12)
  2 necrophages
  33 wolves
  16 ogres
  6 centaurs
  13 crocodiles
  4 big kobolds
  13 bullfrogs
  4 scorpions
  A water moccasin skeleton (D:10)
  11 wights
  21 killer bees
  10 electric eels
  5 howler monkeys
  6 crimson imps
  5 hounds
  A bullfrog zombie (D:11)
  6 jellies
  20 orc priests
  5 centaur skeletons
  3 bullfrog skeletons
  47 orc wizards
  Crazy Yiuf (D:4)
  Terence (D:2)
  3 iguanas
  2 yak simulacra (Lair:6)
  2 polar bear simulacra (Lair:6)
  14 worker ants
  2 wolf simulacra (Lair:6)
  2 hound zombies
  A hound skeleton (D:4)
  A worker ant zombie (D:9)
  3 gnolls (D:2)
  A howler monkey skeleton (D:4)
  20 adders
  7 shadow imps
  3 white imps (Lair:5)
  6 oozes
  An adder skeleton (D:5)
  7 worms
  3 dart slugs (D:1)
  10 leopard geckos
  94 orcs
  4 ball pythons
  8 bats
  3 giant cockroaches
  8 goblins
  8 hobgoblins
  4 jackals
  9 quokkas
  A frilled lizard (D:1)
  29 kobolds
  A quokka skeleton (D:4)
  8 rats
  5 river rat simulacra (Lair:6)
  4 plants
769 creatures vanquished.

Vanquished Creatures (others)
  A centaur warrior (D:13)
  An orc priest (D:5)
  A worker ant (D:13)
  A shadow imp (D:5)
  An adder skeleton (D:5)
  A leopard gecko (D:5)
  2 orcs (D:5)
  A giant cockroach (D:5)
  A quokka skeleton (D:5)
  25 fungi
  18 plants
53 creatures vanquished.

Grand Total: 822 creatures vanquished

Notes
Turn   | Place    | Note
-------+----------+-------------------------------------------
     0 | D:1      | Peloso the Minotaur Fighter began the quest for the Orb.
     0 | D:1      | Reached XP level 1. HP: 19/19 MP: 0/0
   119 | D:1      | Reached XP level 2. HP: 22/27 MP: 1/1
   443 | D:1      | Reached skill level 4 in Shields
   736 | D:1      | Reached XP level 3. HP: 22/33 MP: 2/2
  1299 | D:2      | Noticed Terence
  1305 | D:2      | Killed Terence
  1305 | D:2      | Reached XP level 4. HP: 35/40 MP: 3/3
  1424 | D:2      | Reached skill level 1 in Dodging
  1676 | D:2      | Reached XP level 5. HP: 47/47 MP: 4/4
  1685 | D:2      | Reached skill level 5 in Armour
  2140 | D:3      | Found a snail-covered altar of Cheibriados.
  2266 | D:3      | Reached XP level 6. HP: 26/53 MP: 5/5
  2797 | D:2      | Found a white marble altar of Elyvilon.
  2797 | D:2      | Found a burning altar of Makhleb.
  2797 | D:2      | Found a sparkling altar of Nemelex Xobeh.
  2797 | D:2      | Found a shadowy altar of Dithmenos.
  3056 | D:4      | Found a shimmering blue altar of Sif Muna.
  3057 | D:4      | Found a shattered altar of Ashenzari.
  3059 | D:4      | Reached skill level 5 in Shields
  3060 | D:4      | Found a blossoming altar of Fedhas.
  3060 | D:4      | Found an iron altar of Okawaru.
  3075 | D:4      | Became a worshipper of Warmaster Okawaru
  3139 | D:4      | Found a runed translucent door.
  3141 | D:4      | Noticed a deep elf mage
  3142 | D:4      | Noticed MisterFreud's ghost (amateur GrFi)
  3210 | D:4      | Found a runed translucent door.
  3211 | D:4      | Noticed Crazy Yiuf
  3332 | D:4      | Found a glowing drain.
  3336 | Sewer    | Entered a sewer
  3410 | Sewer    | Reached XP level 7. HP: 28/60 MP: 6/6
  3571 | D:4      | Reached skill level 5 in Long Blades
  3658 | D:4      | Reached * piety under Okawaru
  3658 | D:4      | Reached skill level 5 in Fighting
  3846 | D:4      | Killed Crazy Yiuf
  3981 | D:5      | Entered Level 5 of the Dungeon
  4129 | D:5      | Found a shimmering altar of Xom.
  4198 | D:5      | Reached XP level 8. HP: 36/68 MP: 7/7
  4400 | D:5      | Reached skill level 6 in Shields
  4429 | D:5      | Reached ** piety under Okawaru
  4614 | D:5      | Found a bloodstained altar of Trog.
  4703 | D:5      | Found Roiw's Book Shoppe.
  4762 | D:5      | Found a staircase to the Ecumenical Temple.
  5005 | D:6      | Reached skill level 7 in Shields
  5062 | D:6      | Reached *** piety under Okawaru
  5156 | D:6      | Noticed a deep elf mage
  5174 | D:6      | Killed a deep elf mage
  5174 | D:6      | Reached XP level 9. HP: 74/75 MP: 8/8
  5258 | D:7      | Reached skill level 8 in Shields
  6296 | D:7      | Reached **** piety under Okawaru
  6303 | D:7      | Noticed an orange crystal statue
  6327 | D:7      | Killed an orange crystal statue
  6327 | D:7      | Reached skill level 10 in Long Blades
  6327 | D:7      | Reached XP level 10. HP: 51/86 MP: 1/9
  6339 | D:7      | Got an ebony quarterstaff
  6461 | D:7      | Identified the +3 quarterstaff of the Candle {flame, +Blink
                  | rF+ Int-4 Dex+3} (You found it on level 7 of the Dungeon)
  6481 | D:8      | Noticed a two-headed ogre
  6493 | D:8      | Killed a two-headed ogre
  6502 | D:8      | Reached skill level 9 in Shields
  6830 | D:8      | Reached ***** piety under Okawaru
  6909 | D:8      | Found a basalt altar of Yredelemnul.
  7443 | D:9      | Reached skill level 10 in Armour
  7837 | D:10     | Entered Level 10 of the Dungeon
  7840 | D:10     | Found Othroiz's Lightly-Used Armoury.
  7851 | D:10     | Found a shattered altar of Ashenzari.
  7919 | D:10     | Reached XP level 11. HP: 89/95 MP: 10/10
  7932 | D:10     | Received a gift from Okawaru
  7945 | D:10     | Got a pair of ichor-stained boots {god gift}
  7952 | D:10     | Identified the +2 pair of boots "Kiatwam" {rF- Str+3 Int+3}
                  | (Okawaru gifted it to you on level 10 of the Dungeon)
  8298 | D:10     | Reached skill level 10 in Shields
  9789 | D:4      | Killed MisterFreud's ghost
  9796 | D:4      | Killed a deep elf mage
  9940 | D:11     | Killed an unseen horror
  9940 | D:11     | Reached skill level 1 in Evocations
 10210 | D:11     | Found a staircase to the Orcish Mines.
 10230 | Orc:1    | Entered Level 1 of the Orcish Mines
 10235 | Orc:1    | Noticed an orc knight
 10244 | Orc:1    | Killed an orc knight
 10307 | Orc:1    | Found a transporter.
 10309 | Orc:1    | Found Zeisogeq's Armour Shop.
 10311 | Orc:1    | Noticed an orc high priest
 10311 | Orc:1    | Noticed an orc warlord
 10311 | Orc:1    | Noticed an orc sorcerer
 10311 | Orc:1    | Noticed a two-headed ogre
 10318 | Orc:1    | Noticed a two-headed ogre
 10334 | Orc:1    | Found Nifet's Magic Scroll Boutique.
 10390 | Orc:1    | Noticed an orc knight
 10425 | Orc:1    | Killed an orc knight
 10516 | Orc:1    | Found a roughly hewn altar of Beogh.
 10528 | Orc:1    | Found a flagged portal.
 10973 | Orc:1    | You fall into a shaft and drop 1 floor!
 10973 | Orc:2    | Entered Level 2 of the Orcish Mines
 10973 | Orc:2    | Found Noqav's Distillery.
 10973 | Orc:2    | Found Seto's Distillery.
 10973 | Orc:2    | Noticed an orc sorcerer
 10973 | Orc:2    | Noticed an orc high priest
 10973 | Orc:2    | Noticed an orc sorcerer
 10982 | Orc:2    | Noticed an orc sorcerer
 10990 | Orc:2    | Killed an orc sorcerer
 10990 | Orc:2    | Reached skill level 11 in Shields
 10990 | Orc:2    | Reached skill level 1 in Invocations
 11438 | Orc:1    | Noticed a stone giant
 11440 | Orc:1    | Found a roughly hewn altar of Beogh.
 11440 | Orc:1    | Found a transporter.
 11551 | Orc:1    | Noticed an orc high priest
 11578 | Orc:1    | Bought a scroll of identify for 28 gold pieces
 11578 | Orc:1    | Bought a scroll of noise for 14 gold pieces
 11578 | Orc:1    | Bought a scroll of magic mapping for 49 gold pieces
 11578 | Orc:1    | Bought a scroll of magic mapping for 49 gold pieces
 11746 | D:11     | Noticed a green ugly thing
 11755 | D:11     | Killed a green ugly thing
 11965 | D:11     | Reached XP level 12. HP: 103/105 MP: 12/12
 11966 | D:11     | Noticed a two-headed ogre
 11974 | D:11     | Killed a two-headed ogre
 11974 | D:11     | Reached skill level 1 in Stealth
 11988 | D:11     | Noticed a two-headed ogre
 11998 | D:11     | Killed a two-headed ogre
 11998 | D:11     | Received a gift from Okawaru
 12190 | D:11     | Found a staircase to the Lair.
 12247 | D:11     | Reached skill level 10 in Fighting
 12499 | Lair:1   | Entered Level 1 of the Lair of Beasts
 12567 | D:10     | Bought -1 gold dragon scales for 1050 gold pieces
 12668 | Lair:1   | Noticed a six-headed hydra
 12688 | Lair:1   | HP: 2/106 [six-headed hydra (7)]
 12759 | Lair:1   | Killed a one-headed hydra
 12786 | Lair:1   | Reached skill level 12 in Shields
 13385 | Lair:1   | You fall into a shaft and drop 1 floor!
 13456 | Lair:2   | Received a gift from Okawaru
 13462 | Lair:2   | Got a shimmering demon blade {god gift}
 13463 | Lair:2   | Identified the +3 demon blade of Quafa {freeze, rC+++}
                  | (Okawaru gifted it to you on level 2 of the Lair of Beasts)
 14601 | D:12     | Found a roughly hewn altar of Beogh.
 15015 | D:12     | Reached XP level 13. HP: 116/116 MP: 14/14
 16099 | Orc:1    | Bought a +1 large shield of reflection for 216 gold pieces
 16125 | Orc:1    | Bought a scroll of enchant armour for 105 gold pieces
 16393 | Lair:3   | Received a gift from Okawaru
 16442 | Lair:3   | Reached skill level 13 in Shields
 16616 | Lair:3   | Found a staircase to the Shoals.
 16691 | Lair:3   | Noticed Sonja
 16696 | Lair:3   | Killed Sonja
 16776 | Lair:3   | Noticed Snorg
 16785 | Lair:3   | Killed Snorg
 16785 | Lair:3   | Reached skill level 15 in Long Blades
 17308 | Lair:4   | Reached ****** piety under Okawaru
 17308 | Lair:4   | Received a gift from Okawaru
 17371 | Lair:4   | Reached skill level 14 in Shields
 17509 | Lair:4   | Found a staircase to the Snake Pit.
 17999 | Lair:5   | Received a gift from Okawaru
 19702 | D:13     | Reached XP level 14. HP: 127/127 MP: 15/15
 19717 | D:13     | Reached skill level 15 in Shields
 20350 | Orc:2    | Found a runed translucent gate.
 20350 | Orc:2    | Found a runed translucent gate.
 20351 | Orc:2    | Found a runed translucent gate.
 20352 | Orc:2    | Found an opulent altar of Gozag.
 20358 | Orc:2    | Noticed H0rd4k's ghost (journeyman HuAr)
 20359 | Orc:2    | Found Racvet's Assorted Antiques.
 20384 | Orc:2    | Found a staircase to the Elven Halls.
 20393 | Orc:2    | Received a gift from Okawaru
 21372 | Orc:2    | Found Cuqe's Assorted Antiques.
 21487 | Orc:2    | Found Yhealium's Weapon Boutique.
 21488 | Orc:2    | Found Redotraa's Magic Scroll Shop.
 21494 | Orc:2    | Bought a potion of berserk rage for 75 gold pieces
 21494 | Orc:2    | Bought a potion of heal wounds for 75 gold pieces
 21500 | Orc:2    | Bought a potion of heal wounds for 60 gold pieces
 21876 | Lair:6   | Entered Level 6 of the Lair of Beasts
 21878 | Lair:6   | Noticed Josephine
 21885 | Lair:6   | Killed Josephine
 22016 | Lair:5   | Received a gift from Okawaru
 22187 | Lair:5   | Reached skill level 16 in Shields
 23322 | Lair:6   | Found a viscous altar of Jiyva.
 23323 | Lair:6   | Found a staircase to the Slime Pits.
 24025 | D:14     | Reached XP level 15. HP: 84/136 MP: 16/16
 24039 | D:14     | Received a gift from Okawaru
 24060 | D:14     | Reached skill level 17 in Shields
 24069 | D:14     | Got a dazzling scimitar {god gift}
 24070 | D:14     | Identified the +8 scimitar of the Bruised Dreams {slice,
                  | Int+2} (Okawaru gifted it to you on level 14 of the
                  | Dungeon)
 24093 | D:14     | Noticed Azrael
 24105 | D:14     | Killed Azrael
 24105 | D:14     | HP: 6/136 [fire elemental[Azrael] (11)]
 24106 | D:14     | Mangled by a fire elemental

Levels and vault maps discovered:
D:1:      tarquinn_simple_flora_water_c, layout_loops_cross
D:2:      kennysheep_six_static_rooms, layout_loops_corners,
          nicolae_overflow_hidden_temple, uniq_terence
D:3:      layout_basic, cheibriados_altar_1
D:4:      layout_cave_pools, chequers_temple_overflow_statue_of_worship,
          gup_sewer_entry_spiral, first_ration, ebering_ghost_inner_flame,
          kennysheep_crisscross, uniq_crazy_yiuf_cottage
D:5:      layout_rooms, bloody_trog, lemuel_temple_firewalk_b, serial_shops,
          kennysheep_mini, xom_confusion_cloud
D:6:      cheibrodos_two_vegetables, layout_basic
D:7:      statuecave_lemuel, layout_layer_cave, grunt_ministairs_12
D:8:      layout_loops_ring, lemuel_crystal_altar
D:9:      layout_basic, hangedman_little_slice_of_home
D:10:     layout_cave_pools, basic_altar, minmay_shop_damaged,
          grunt_ministairs_7, chequers_serial_rivers_micro_a,
          kennysheep_kite_vault
D:11:     layout_loops_ring, grunt_lair_entry_orc_guard_hut, orc_0_dummy
D:12:     layout_roguey, special_room [special_room_orc]
D:13:     layout_irregular_city
D:14:     layout_rooms, david_vaults_1, enter_trove_5,
          hangedman_cracks_in_the_wall, uniq_azrael
Lair:1:   layout_concentric_octagons, grunt_forest_large_clearings,
          serial_bayou_shore_b, grunt_megastairs_4
Lair:2:   layout_loops_ring, cheibrodos_lair_reptile_den
Lair:3:   layout_long_grid, minmay_shoals_entry_lonely_mermaid, uniq_snorg,
          uniq_sonja
Lair:4:   layout_regular_city, minmay_snake_entry_guardpost_small
Lair:5:   layout_cave_pods, bobbens_ice_dragon_lair, grunt_megastairs_1,
          lemuel_fruit_tree
Lair:6:   gammafunk_lair_ancient_temple, layout_cave_pods,
          dpeg_slime_entry_enclosed_altar, bh_autumn_forest_stairs,
          eino_house_with_fridge, serial_bayou_shore_b, uniq_josephine
Orc:1:    gammafunk_beogh_shrine, layout_caves, basic_altar, serial_shops,
          nicolae_shop_crystal, shop, enter_bailey_2
Orc:2:    st_orc_mages, layout_caves, serial_shops, shop, ebering_ghost_gozag

Skill      XL: |  1  2  3  4  5  6  7  8  9 10 11 12 13 14 15 |
---------------+----------------------------------------------+-----
Shields        | 4 5 7 8 9 11 12 14 16 17 | 17.0
Fighting       | 4 5 6 7 8 9 11 12 13 | 13.5
Armour         | 4 5 6 8 9 10 11 12 13 14 | 14.5
Long Blades    | 3 4 6 8 10 12 14 15 16 | 16.2
Dodging        | 1 2 3 4 |  4.3
Evocations     | 1 2 |  2.1
Invocations    | 1 2 3 |  3.2
Stealth        | 1 |  1.1

Action                   |  1- 3 |  4- 6 |  7- 9 | 10-12 | 13-15 || total
-------------------------+-------+-------+-------+-------+-------++-------
Melee: Long sword        |   100 |       |       |       |       ||   100
       Headbutt          |    15 |    30 |    54 |   175 |   268 ||   542
       Falchion          |       |   193 |   240 |     7 |     8 ||   448
       Scimitar          |       |       |    85 |   632 |   156 ||   873
       Demon blade       |       |       |       |   139 |   825 ||   964
Invok: Heroism           |       |       |     1 |    12 |     5 ||    18
       Finesse           |       |       |       |     2 |       ||     2
 Abil: Evoke Flight      |       |       |       |       |     2 ||     2
Evoke: Wand              |       |       |       |    27 |     2 ||    29
  Use: Potion            |     4 |       |     4 |     9 |       ||    17
       Scroll            |       |       |     4 |    18 |     8 ||    30
  Eat: Chunk             |     1 |     7 |     9 |    21 |    27 ||    65
       Ration            |       |       |     1 |     2 |     1 ||     4
Armor: Scale mail        |    15 |       |       |       |       ||    15
       Chain mail        |    29 |    83 |       |       |       ||   112
       Plate armour      |       |       |   144 |   191 |       ||   335
       Gold dragon scale |       |       |       |   143 |   487 ||   630
Dodge: Dodged            |    31 |    31 |    97 |   292 |   145 ||   596
Block: Shield            |    53 |    89 |   152 |   477 |     1 ||   772
       Large shield      |       |       |       |       |  1043 ||  1043
       Reflection        |       |       |       |       |    16 ||    16
       Rpst.: Long sword |    11 |       |       |       |       ||    11
       Falchion          |       |     8 |    20 |       |       ||    28
       Scimitar          |       |       |     6 |    57 |     3 ||    66
       Demon blade       |       |       |       |     8 |    28 ||    36
